 Dungeon Crawl Stone Soup version 0.26.0-16-gc1dbca0489 (webtiles) character file.

Game seed: 6037148818979772207

56 thiole the Firebug (level 3, -4/21 HPs)
             Began as an Octopode Fire Elementalist on Jan 19, 2021.
             Slain by a gnoll (7 damage)
             ... on level 2 of the Dungeon.
             The game lasted 00:01:56 (1900 turns).

thiole the Firebug (Octopode Fire Elementalist)     Turns: 1900, Time: 00:01:57

Health: -4/21      AC:  1    Str:  7    XL:     3   Next: 97%
Magic:  1/6        EV: 13    Int: 18    God:
Gold:   122        SH:  0    Dex: 12    Spells: 6/7 levels left

rFire    . . .     SeeInvis .   (no weapon)
rCold    . . .     Faith    .   (no shield)
rNeg     . . .     Spirit   .   (helmet restricted)
rPois    .         Reflect  .   (no amulet)
rElec    .         Harm     .   (no ring)
rCorr    .         Rampage  .   (no ring)
Will     .....                  (no ring)
Stlth    +++.......             (no ring)
HPRegen  0.07/turn              (no ring)
MPRegen  0.10/turn              (no ring)
                                (no ring)
                                (no ring)

@: no status effects
A: almost no armour, stealthy swim, amphibious, 8 rings, constrict 8, camouflage
1, gelatinous body 1
a: no special abilities


You were on level 2 of the Dungeon.
You visited 1 branch of the dungeon, and saw 2 of its levels.

You collected 122 gold pieces.

Inventory:

Jewellery
 h - an uncursed ring of positive energy {unknown}
Scrolls
 c - a scroll of blinking {unknown}
 d - 3 scrolls of immolation {unknown}
 f - a scroll of enchant armour {unknown}
 i - 2 scrolls of identify {unknown}
Potions
 a - 2 potions of mutation {unknown}
 b - 2 potions of might {unknown}
 e - a potion of degeneration {unknown}
 g - a potion of curing {unknown}


   Skills:
 + Level 2.2 Dodging
 + Level 3.2 Stealth
 * Level 2.6 Spellcasting
 + Level 1.7 Conjurations
 * Level 3.5 Fire Magic


You had 6 spell levels left.
You knew the following spells:

 Your Spells              Type           Power        Failure   Level
a - Foxfire               Conj/Fire      44%          6%          1

Your spell library contained the following spells:

 Spells                   Type           Power        Failure   Level
 Conjure Flame            Conj/Fire      11%          17%         3
 Inner Flame              Hex/Fire       8%           24%         3
 Sticky Flame             Conj/Fire      11%          50%         4
 Fireball                 Conj/Fire      5%           85%         5


Dungeon Overview and Level Annotations

Branches:
Dungeon (2/15)

Altars:


Innate Abilities, Weirdness & Mutations

You cannot wear most types of armour.
You are very stealthy in the water. (Stealth+)
You are amphibious.
You can wear up to eight rings at the same time.
You can use your tentacles to constrict eight enemies at once.
Your skin changes colour to match your surroundings (Stealth+).
Your rubbery body absorbs attacks. (AC +1, EV +1)


Message History

The gnoll is severely wounded.
You constrict the gnoll. The gnoll barely misses you. The gnoll hits you.
You completely miss the gnoll.
The gnoll is severely wounded.
You constrict the gnoll. The gnoll closely misses you. x2
You tentacle-slap the gnoll but do no damage.
The gnoll is almost dead.
You constrict the gnoll.
You kill the gnoll!
The gnoll hits you.
You tentacle-slap the gnoll. You grab the gnoll.
The gnoll is lightly wounded.
You constrict the gnoll. The gnoll hits you.
* * * LOW HITPOINT WARNING * * *
You tentacle-slap the gnoll but do no damage.
You squeeze the gnoll.
The gnoll is moderately wounded.
You constrict the gnoll, but do no damage.
The gnoll hits you!
You die...

### #.. # #.## #.# #..
... #>### .†
####.#.#.# #.....@).#
#.##...g.#
#########.##.........
#.........##.#.#####.#
#.##########.....
##.##### ###.###
#......# #+# ###.###.#
# #####.##


You could see a gnoll.

Vanquished Creatures
  2 gnolls (D:2)
  A worm (D:2)
  A leopard gecko (D:2)
  2 giant cockroaches (D:1)
  2 goblins
  2 hobgoblins
  4 bats
  4 frilled lizards
  10 kobolds
  9 rats (D:1)
37 creatures vanquished.

Vanquished Creatures (others)
  127 foxfires
127 creatures vanquished.

Grand Total: 164 creatures vanquished

Notes
Turn   | Place    | Note
-------+----------+-------------------------------------------
     0 | D:1      | thiole the Octopode Fire Elementalist began the quest for
                  | the Orb.
     0 | D:1      | Reached XP level 1. HP: 11/11 MP: 3/3
     3 | D:1      | Noticed an electric eel
     3 | D:1      | Noticed an electric eel
   346 | D:1      | Reached XP level 2. HP: 14/17 MP: 5/5
  1331 | D:2      | Reached XP level 3. HP: 21/21 MP: 1/6
  1900 | D:2      | Slain by a gnoll

Illustrated notes

Levels and vault maps discovered:
D:1:      arrival_aquarium_b, layout_basic, chequers_serial_rivers_micro_d,
          minmay_rat_gold_closets
D:2:      layout_loops_corners

Skill      XL: |  1  2 |
---------------+-------+-----
Stealth        | 3 |  3.2
Dodging        | |  2.2
Spellcasting   | |  2.6
Conjurations   | |  1.7
Fire Magic     | |  3.5

Action                   || total
-------------------------++-------
Melee: Unarmed           ||    33
       Constrict         ||    14
       Tentacles         ||    12
 Cast: Foxfire           ||    84
Armor: Skin              ||     1
Dodge: Dodged            ||    15
